 Dungeon Crawl Stone Soup version 0.31.0-9-g3a7656b989 (webtiles) character file.

Game seed: 2525957691052552818

1738 Killerpretzel the Ruffian (level 9, 0/61 HPs)
             Began as an Octopode Shapeshifter on Jan 31, 2024.
             Was an Initiate of Wu Jian.
             Slain by a gnoll sergeant
             ... wielding a +2 trident of protection
              (20 damage)
             ... on level 6 of the Dungeon.
             The game lasted 00:22:23 (3963 turns).

Killerpretzel the Ruffian (Octopode Shapeshifter)   Turns: 3963, Time: 00:22:23

Health: 0/61       AC:  1    Str: 24      XL:     9   Next: 5%
Magic:  9/9        EV: 19    Int: 17 (18) God:    Wu Jian [......]
Gold:   270        SH:  0    Dex: 11      Spells: 8/8 levels left

rFire   . .          .
                       - Unarmed
rCold   + . .        (no shield)
rNeg    . . .        (helmet currently unavailable)
rPois   .            d - amulet of regeneration
rElec   .            h - ring of protection from cold
rCorr   .            v - +6 ring of strength
SInv    .            t - +6 ring of intelligence
Will    .....        x - ring of flight
Stlth   ++           y - +5 ring of evasion
HPRegen 1.10/turn    (no ring)
MPRegen 0.11/turn    (no ring)
                     (no ring)

%: no passive effects
@: beast-form, flying
A: beast (slay +3), almost no armour, amphibious, 8 rings, camouflage 1,
gelatinous body 1, (nimble swimmer 1), tentacles
a: Begin Untransformation, Renounce Religion


You were on level 6 of the Dungeon.
You worshipped Wu Jian.
Wu Jian was noncommittal.
You were a hulking beast.
You visited 2 branches of the dungeon, and saw 7 of its levels.

You collected 270 gold pieces.

Inventory:

Hand Weapons
 i - a +0 dagger of draining
Jewellery
 d - an amulet of regeneration (around mantle)
 e - an amulet of the acrobat
 h - a ring of protection from cold (left tentacle)
 o - a ring of ice
 t - a +6 ring of intelligence (on tentacle)
 v - a +6 ring of strength (right tentacle)
 x - a ring of flight (on tentacle)
 y - a +5 ring of evasion (on tentacle)
Talismans
 b - a beast talisman (active)
 c - a flux talisman
Scrolls
 f - 4 scrolls of identify {unknown}
 g - 2 scrolls of vulnerability {unknown}
 j - a scroll of enchant weapon {unknown}
 k - a scroll of amnesia {unknown}
 l - 2 scrolls of blinking {unknown}
 m - 2 scrolls of noise {unknown}
 n - 2 scrolls of teleportation {unknown}
 p - a scroll of fog {unknown}
 q - a scroll of revelation {unknown}
 w - a scroll of immolation
Potions
 a - a potion of lignification
 r - a potion of degeneration
 u - a potion of berserk rage {unknown}
 z - a potion of brilliance {unknown}


   Skills:
 + Level 5.6 Fighting
 + Level 5.9 Dodging
 + Level 6.3 Unarmed Combat
 + Level 5.9 Shapeshifting


You had 8 spell levels left.
You didn't know any spells.
Your spell library contained the following spells:

 Spells                   Type           Power      Damage    Failure   Level
 Apportation              Tloc           0%         N/A       24%         1
 Necrotise                Necr           0%         1d4       24%         1
 Sting                    Conj/Alch      0%         1d3       24%         1
 Summon Small Mammal      Summ           0%         N/A       24%         1
 Gell's Gravitas          Tloc           0%         N/A       56%         3
 Teleport Other           Tloc           0%         N/A       56%         3
 Dispersal                Tloc           0%         N/A       100%        6


Dungeon Overview and Level Annotations

Branches:
Dungeon (6/15)             Temple (1/1) D:5

Altars:
Ashenzari
Cheibriados
Elyvilon
Fedhas
Gozag
Hepliaklqana
Makhleb
Nemelex Xobeh
Okawaru
Qazlal
Ru
Sif Muna
Trog
Vehumet
Wu Jian
Xom
Yredelemnul
Zin
The Shining One


Innate Abilities, Weirdness & Mutations

You are a hulking beast.
Your limbs bulge with bestial killing power. (Slay +3)
You cannot wear most types of armour.
You are amphibious.
You can wear up to eight rings at the same time.
Your skin changes colour to match your surroundings (Stealth+).
Your rubbery body absorbs attacks. (AC +1, EV +1)
((You are camouflaged when in or above water. (Stealth+)))
You have tentacles for arms and can constrict up to eight enemies at once.


Message History

The white imp gestures at you. The puff of frost hits you. You resist.
The gnoll sergeant closely misses you.
You are too injured to fight recklessly!
There are monsters nearby!
The gnoll is no longer moving quickly.
The gnoll closely misses you.
The gnoll sergeant hits you from afar with a +2 trident of protection!
* * * LOW HITPOINT WARNING * * *
You feel much better. The gnoll hits you with a +0 spear.
The gnoll sergeant hits you from afar with a +2 trident of protection!
There are monsters nearby!
The gnoll hits you but does no damage. The gnoll sergeant closely misses you.
The gnoll is no longer moving quickly.
The gnoll closely misses you. The white imp gestures at you.
The puff of frost hits you. You resist.
A phantom comes into view.
The white imp gestures at you. The puff of frost hits you. You resist.
You lunge at the phantom.
You closely miss the phantom. You squeeze the phantom!!
The phantom is severely damaged.
The white imp gestures at you. The puff of frost misses you.
The puff of frost hits the phantom.
The phantom resists.
The phantom hits you!
* * * LOW HITPOINT WARNING * * *
The phantom blinks!
You blink.
You are too injured to fight recklessly!
A phantom is nearby!
You closely miss the phantom.
The phantom is severely damaged.
The phantom misses you.
You closely miss the phantom. You squeeze the phantom.
You destroy the phantom!
The Council accepts your kill.
You start resting.
A gnoll sergeant is nearby!
A gnoll sergeant is nearby!
You are too injured to fight recklessly!
There are monsters nearby!
The gnoll sergeant hits you with a +2 trident of protection!!
You die...

#.##...# #g#g#$#.#.#
#.##.#..##..g###...##..
###.##. #!..o.g.g?......#
.......##.gg##########..#
..........g.# .#
......##gg# #
#.........g# .
#.#.##g5#....
##..#....h.........
...................
#.#.##..##.#.......
.......##.....#
#....$.... ....##
####..#######.#.. #..#
.#.# ...# #.##


You could see a gnoll sergeant, 6 gnolls, a white imp and an orc.

Vanquished Creatures
  Pikel (D:5)
  Sigmund (D:2)
  2 black bears
  3 ogres
  3 phantoms
  2 lemures (D:5)
  Blork the orc (D:5)
  A killer bee (D:6)
  A howler monkey (D:5)
  4 hounds
  A gnoll bouda (D:6)
  An iguana (D:5)
  4 adders
  4 gnolls (D:4)
  A white imp (D:5)
  2 dart slugs
  4 ribbon worms
  6 orcs
  An endoplasm (D:2)
  6 goblins
  3 hobgoblins
  13 jackals
  3 quokkas
  7 ball pythons
  5 frilled lizards
  3 kobolds
  6 rats
89 creatures vanquished.

Notes
Turn   | Place    | Note
-------+----------+-------------------------------------------
     0 | D:1      | Killerpretzel the Octopode Shapeshifter began the quest for
                  | the Orb.
     0 | D:1      | Reached XP level 1. HP: 13/13 MP: 1/1
   237 | D:1      | Reached XP level 2. HP: 11/18 MP: 2/2
   898 | D:2      | Reached XP level 3. HP: 22/23 MP: 3/3
  1633 | D:2      | Noticed Sigmund
  1643 | D:2      | Killed Sigmund
  1644 | D:2      | Reached skill level 4 in Unarmed Combat
  1644 | D:2      | Reached XP level 4. HP: 18/30 MP: 4/4
  1644 | D:2      | Reached XP level 5. HP: 21/35 MP: 5/5
  1807 | D:3      | Reached XP level 6. HP: 24/41 MP: 6/6
  1967 | D:3      | Found a faded altar of an unknown god.
  2438 | D:4      | Noticed a black bear
  2442 | D:4      | Killed a black bear
  2443 | D:4      | Reached XP level 7. HP: 45/46 MP: 7/7
  2687 | D:4      | You are sucked into a shaft and drop 1 floor!
  2687 | D:5      | Entered Level 5 of the Dungeon
  2801 | D:5      | Identified the +0 cloak of Zoime {Int+3 Dex+5}
  2816 | D:5      | Noticed Blork the orc
  2825 | D:5      | Killed Blork the orc
  2826 | D:5      | Reached skill level 5 in Unarmed Combat
  2993 | D:5      | Reached skill level 5 in Shapeshifting
  2993 | D:5      | Reached XP level 8. HP: 15/54 MP: 8/8
  3156 | D:5      | Found a staircase to the Ecumenical Temple.
  3169 | D:5      | Noticed Pikel
  3192 | D:5      | Killed Pikel
  3193 | D:5      | Reached skill level 5 in Fighting
  3193 | D:5      | Reached skill level 5 in Dodging
  3193 | D:5      | Reached skill level 6 in Unarmed Combat
  3235 | Temple   | Entered the Ecumenical Temple
  3761 | D:5      | Found an ornate altar of the Wu Jian Council.
  3769 | D:5      | Became a worshipper of the Wu Jian Council
  3949 | D:6      | Reached XP level 9. HP: 26/61 MP: 9/9
  3963 | D:6      | Slain by a gnoll sergeant

Illustrated notes

Levels and vault maps discovered:
D:1:      tekkud_arrival_beachfront_property, layout_loops_corners
D:2:      layout_loops_ring, serial_forest, infiniplex_forest_fountain,
          infiniplex_forest_end_1, infiniplex_forest_corner_1,
          infiniplex_forest_join, infiniplex_forest_end_1,
          infiniplex_forest_straight_2, minmay_pentomino_u2, uniq_sigmund
D:3:      layout_rooms, hellmonk_ecumenical_altar_blasted
D:4:      layout_rooms
D:5:      layout_basic, lemuel_coloured_pillars_altar, temple_fountains,
          kennysheep_generic_room_4, uniq_pikel, uniq_blork_the_orc
D:6:      layout_loops_ring, chequers_serial_rivers_micro_c, minmay_starry_boxes
Temple:   hc_temple_tempest_star

Skill      XL: |  1  2  3  4  5  6  7  8 |
---------------+-------------------------+-----
Fighting       | 2 3 4 5 |  5.6
Dodging        | 3 4 5 |  5.9
Unarmed Combat | 4 5 6 |  6.3
Shapeshifting  | 4 5 |  5.9

Action                     |  1- 3 |  4- 6 |  7- 9 || total
---------------------------+-------+-------+-------++-------
  Melee: Unarmed           |    76 |    52 |    84 ||   212
         Constrict         |    19 |    13 |    20 ||    52
         Tentacles         |    12 |    10 |    27 ||    49
         Punch             |     1 |     4 |     7 ||    12
Ability: Lunge             |       |       |     1 ||     1
    Use: Potion            |       |       |     3 ||     3
   Stab: Sleeping          |       |     2 |     2 ||     4
 Armour: Skin              |    34 |    16 |    34 ||    84
  Dodge: Dodged            |    48 |    39 |    65 ||   152
   Form: Flux              |     1 |       |       ||     1
         Beast             |     1 |       |       ||     1
